 Dungeon Crawl Stone Soup version 0.29-a0-194-g6e3aafee17 (webtiles) character file.

Game seed: 869694766224061618

103 Zeldest the Skirmisher (level 4, -1/37 HPs)
             Began as a Mummy Chaos Knight on Feb 22, 2022.
             Was a Plaything of Xom.
             Slain by a steam dragon (9 damage)
             ... on level 3 of the Dungeon.
             The game lasted 00:01:24 (930 turns).

Zeldest the Skirmisher (Mummy Chaos Knight)          Turns: 930, Time: 00:01:25

Health: -1/37      AC:  6    Str: 17    XL:     4   Next: 51%
Magic:  4/4        EV: 11    Int: 11    God:    Xom [*.....]
Gold:   108        SH:  0    Dex: 11    Spells: 3/3 levels left

rFire   x . .      SeeInvis .   j - +3 hand axe (chaos)
rCold   + . .      Faith    .   (no shield)
rNeg    + + +      Spirit   .   b - +2 leather armour
rPois   ∞          Reflect  .   (no helmet)
rElec   .          Harm     .   (no cloak)
rCorr   .          Rampage  .   (no gloves)
Will    .....                   e - +0 pair of boots
Stlth   +.........              (no amulet)
HPRegen 0.12/turn               (no ring)
MPRegen 0.09/turn               (no ring)

@: no status effects
A: cold resistance 1, negative energy resistance 3, torment resistance 2, heat
vulnerability 1, no potions
a: Renounce Religion


You were on level 3 of the Dungeon.
You worshipped Xom.
You were a special plaything of Xom.
You visited 1 branch of the dungeon, and saw 3 of its levels.

You collected 108 gold pieces.

Inventory:

Hand Weapons
 a - a +0 hand axe of chaos
 g - a +2 mace of protection
 j - a +3 hand axe of chaos (weapon)
Missiles
 k - 4 curare-tipped darts (quivered)
Armour
 b - a +2 leather armour (worn)
 e - a +0 pair of boots (worn)
Jewellery
 c - a +4 ring of protection
 l - an amulet of faith
Scrolls
 d - a scroll of immolation {unknown}
 f - a scroll of teleportation {unknown}
 h - a scroll of enchant weapon {unknown}
 i - a scroll of enchant armour {unknown}


   Skills:
 + Level 3.9 Fighting
 + Level 3.2 Axes
 + Level 2.6 Armour
 - Level 0.7 Dodging


You had 3 spell levels left.
You didn't know any spells.
Your spell library was empty.

Dungeon Overview and Level Annotations

Branches:
Dungeon (2/15)

Altars:

Shops:
D:3 [


Innate Abilities, Weirdness & Mutations

You are immune to poison.
Your flesh is cold resistant. (rC+)
You are immune to negative energy. (rN+++)
You are immune to unholy pain and torment.
You are vulnerable to heat. (rF-)
You do not drink.


Message History

There are monsters nearby!
You closely miss the rat. The rat closely misses you.
There are monsters nearby!
You hit the rat. You burn the rat.
You kill the rat!
You closely miss the frilled lizard. The frilled lizard barely misses you.
A frilled lizard is nearby!
You slash the frilled lizard! You freeze the frilled lizard.
You kill the frilled lizard!
A steam dragon comes into view.
The steam dragon hisses angrily.
You see here 16 gold pieces.
Found a scroll labelled XATULI LIL NEC.
The kobold hits you with a +0 short sword.
You see here a rat corpse.
There are monsters nearby!
You hit the kobold. You burn the kobold.
You kill the kobold!
A steam dragon is nearby!
You hit the steam dragon.
The steam dragon is lightly wounded.
The steam dragon bites you but does no damage.
The steam dragon closely misses you.
A steam dragon is nearby!
You closely miss the steam dragon.
The steam dragon is lightly wounded.
The steam dragon barely misses you.
The steam dragon claws you but does no damage.
The steam dragon breathes steam at you. The ball of steam hits you!!
The steam scalds you terribly!
Xom roars with laughter!
Ouch! That really hurt!
* * * LOW HITPOINT WARNING * * *
You can't drink.
Okay, then.
You hit the steam dragon.
The steam dragon is poisoned.
The steam dragon is moderately wounded.
The steam dragon bites you!
You die...
Xom is highly amused!

###....#.........
##..##.....####
#......#....#
##.....##....#
#...#......#...
#..##..#..##...
#......#......#
#...§###.....
#...#@§....#..
.....##D.§..##.#
...#...)..#.....#
.........##...###
.##...#... ..#
#..##..# .## #..
.... # ?.. ....#
## #####


You could see a steam dragon (very poisoned).

Vanquished Creatures
  Terence (D:2)
  3 gnolls (D:3)
  An adder (D:2)
  A dart slug (D:1)
  An orc (D:3)
  2 endoplasms (D:1)
  2 giant cockroaches (D:1)
  2 goblins
  A hobgoblin (D:1)
  3 jackals (D:1)
  2 quokkas
  2 ball pythons (D:1)
  6 bats
  5 frilled lizards
  4 kobolds
  5 rats
41 creatures vanquished.

Vanquished Creatures (others)
  2 plants (D:2)
2 creatures vanquished.

Grand Total: 43 creatures vanquished

Notes
Turn   | Place    | Note
-------+----------+-------------------------------------------
     0 | D:1      | Zeldest the Mummy Chaos Knight began the quest for the Orb.
     0 | D:1      | Reached XP level 1. HP: 18/18 MP: 1/1
    50 | D:1      | XOM: silly message
   137 | D:1      | XOM: repel stairs
   145 | D:1      | Reached XP level 2. HP: 19/24 MP: 2/2
   500 | D:2      | Noticed Terence
   506 | D:2      | XOM: confusion
   508 | D:2      | XOM: chaos upgrade
   515 | D:2      | Killed Terence
   516 | D:2      | Reached XP level 3. HP: 15/29 MP: 3/3
   585 | D:2      | XOM: silly message
   696 | D:2      | You fall into a shaft and drop 1 floor!
   751 | D:3      | Reached XP level 4. HP: 37/37 MP: 4/4
   828 | D:3      | Found Foogowet's Armour Shoppe.
   924 | D:3      | Noticed a steam dragon
   930 | D:3      | Slain by a steam dragon

Illustrated notes

Levels and vault maps discovered:
D:1:      psy_arrival_radial01, layout_basic
D:2:      layout_rooms, serial_forest, infiniplex_forest_lined_corner,
          infiniplex_forest_split, infiniplex_forest_end_double,
          infiniplex_forest_clump_small, kennysheep_generic_room_15,
          uniq_terence, uniq_robin
D:3:      layout_loops_ring, nemelex_diamond_rough_becter, serial_shops,
          nicolae_shop_hallway_plus, kennysheep_nub, hangedman_decor_points,
          nicolae_shop_unique_rings, chequers_serial_rivers_micro_a

Skill      XL: |  1  2 |
---------------+-------+-----
Armour         | 2 |  2.6
Axes           | 3 |  3.2
Fighting       | |  3.9
Dodging        | |  0.7

Action                   |  1- 3 |  4- 6 || total
-------------------------+-------+-------++-------
Melee: Hand axe          |    38 |    19 ||    57
       Mace              |    35 |       ||    35
Armor: Leather armour    |    53 |     5 ||    58
Dodge: Dodged            |    70 |    11 ||    81

Table legend: (Time is in decaauts)
 A = Elapsed time spent in this place.
 B = Non-inter-level travel time spent in this place.
 C = Inter-level travel time spent in this place.
 D = Time resting spent in this place.
 E = Time spent auto-exploring this place.
 F = Levels seen in this place.
 G = Mean time per level.
                   A        B        C        D        E       F      G
               +--------+--------+--------+--------+--------+-----+--------+
         Total |    949 |    938 |     11 |    165 |    527 |   3 |  316.3 |
       Dungeon |    949 |    938 |     11 |    165 |    527 |   3 |  316.3 |
               +--------+--------+--------+--------+--------+-----+--------+

Top non-repeatable levels by time:
     D:1: 537 daAuts
     D:3: 236 daAuts
     D:2: 176 daAuts
